 Dungeon Crawl Stone Soup version 0.26.0-20-g3ca415f5b8 (webtiles) character file.

Game seed: 3649685302263778521

94 thiole the Sneak (level 4, 0/27 HPs)
             Began as an Octopode Hedge Wizard on Jan 25, 2021.
             Slain by a gnoll
             ... wielding a +0 spear
              (10 damage)
             ... on level 2 of the Dungeon.
             The game lasted 00:05:12 (1965 turns).

thiole the Sneak (Octopode Hedge Wizard)            Turns: 1965, Time: 00:05:12

Health: 0/27       AC:  1    Str:  9    XL:     4   Next: 63%
Magic:  7/9        EV: 13    Int: 17    God:
Gold:   241        SH:  5    Dex: 11    Spells: 2/10 levels left

rFire    . . .     SeeInvis .   o - staff of poison
rCold    . . .     Faith    .   (no shield)
rNeg     . . .     Spirit   .   b - +0 hat
rPois    +         Reflect  +   m - amulet of reflection
rElec    .         Harm     .   i - ring of wizardry
rCorr    .         Rampage  .   (no ring)
Will     .....                  (no ring)
Stlth    +++.......             (no ring)
HPRegen  0.09/turn              (no ring)
MPRegen  0.11/turn              (no ring)
                                (no ring)
                                (no ring)

@: no status effects
A: almost no armour, stealthy swim, amphibious, 8 rings, constrict 8, camouflage
1, gelatinous body 1
a: no special abilities


You were on level 2 of the Dungeon.
You visited 1 branch of the dungeon, and saw 2 of its levels.

You collected 241 gold pieces.

Inventory:

Hand Weapons
 a - a +0 dagger
 j - a +0 dagger of draining
Missiles
 g - 3 atropa-tipped darts
 h - 49 stones
Armour
 b - a +0 hat (worn)
Magical Staves
 o - an uncursed staff of poison (weapon)
 q - an uncursed staff of cold
Jewellery
 i - a ring of wizardry (left tentacle)
 m - an amulet of reflection (around mantle)
Scrolls
 c - a scroll of teleportation {unknown}
 n - a scroll of amnesia {unknown}
Potions
 d - a potion of heal wounds
 e - a potion of lignification {unknown}
 f - a potion of might
 k - a potion of mutation
 l - a potion of attraction {unknown}


   Skills:
 + Level 0.2 Fighting
 + Level 2.1 Dodging
 + Level 4.0 Stealth
 + Level 3.5 Spellcasting
 - Level 2.0 Conjurations
 - Level 2.0 Summonings
 - Level 1.0 Translocations
 * Level 0.4 Air Magic
 * Level 0.8 Poison Magic


You had 2 spell levels left.
You knew the following spells:

 Your Spells              Type           Power        Failure   Level
a - Magic Dart            Conj           36%          3%          1
b - Call Imp              Summ           9%           4%          2
c - Slow                  Hex            2%           11%         2
d - Mephitic Cloud        Conj/Pois/Air  10%          13%         3

Your spell library contained the following spells:

 Spells                   Type           Power        Failure   Level
 Blink                    Tloc           N/A          7%          2
 Conjure Flame            Conj/Fire      6%           13%         3


Dungeon Overview and Level Annotations

Branches:
Dungeon (2/15)

Altars:
Xom


Innate Abilities, Weirdness & Mutations

You cannot wear most types of armour.
You are very stealthy in the water. (Stealth+)
You are amphibious.
You can wear up to eight rings at the same time.
You can use your tentacles to constrict eight enemies at once.
Your skin changes colour to match your surroundings (Stealth+).
Your rubbery body absorbs attacks. (AC +1, EV +1)


Message History

The magic dart hits the gnoll.
The gnoll is moderately wounded.
The gnoll completely misses you.
The gnoll hits you from afar with a +0 spear.
You hit the gnoll. You grab the gnoll.
The gnoll is heavily wounded.
You constrict the gnoll. The gnoll hits you with a +0 spear.
The gnoll barely misses you.
You hit the gnoll. You squeeze the gnoll.
You kill the gnoll!
The gnoll closely misses you.
Your Stealth skill increases to level 4!
The gnoll hits you with a +0 spear!
Things that are here:
a +0 spear; a gnoll corpse You hit the gnoll.
You grab the gnoll.
The gnoll is lightly wounded.
You constrict the gnoll, but do no damage.
The gnoll hits you with a +0 spear!
You die...

#.. #.# #.#### #.# #.....
######## #.# #####.
#......####.###########..
#........................
#...(...................#
###.....#####..#.#######...
.........g@......# ##...
#####...#######..# ##..#.
## #..## #..# #..... g #..#
#..# #..### .##..#
#..#####..# ......g..#
#.........# .......#.#
#.#######.# .....#.#.#
######.# #.# .....#.#.#
#...##.# #.#


You could see a gnoll.

Vanquished Creatures
  4 gnolls
  An adder (D:2)
  2 dart slugs
  8 giant cockroaches
  3 goblins (D:1)
  5 hobgoblins
  3 jackals (D:1)
  5 kobolds
  A ball python (D:1)
  3 bats
  6 frilled lizards
  3 rats
44 creatures vanquished.

Vanquished Creatures (others)
  4 toadstools (D:1)
4 creatures vanquished.

Grand Total: 48 creatures vanquished

Notes
Turn   | Place    | Note
-------+----------+-------------------------------------------
     0 | D:1      | thiole the Octopode Hedge Wizard began the quest for the
                  | Orb.
     0 | D:1      | Reached XP level 1. HP: 11/11 MP: 4/4
    67 | D:1      | Reached skill level 3 in Stealth
    67 | D:1      | Reached XP level 2. HP: 15/17 MP: 0/6
   424 | D:1      | Reached XP level 3. HP: 17/21 MP: 2/7
  1067 | D:2      | Learned a level 2 spell: Call Imp
  1070 | D:2      | Learned a level 2 spell: Slow
  1074 | D:2      | Learned a level 3 spell: Mephitic Cloud
  1636 | D:2      | Found a shimmering altar of Xom.
  1682 | D:2      | Reached XP level 4. HP: 16/27 MP: 0/9
  1964 | D:2      | Reached skill level 4 in Stealth
  1965 | D:2      | Slain by a gnoll

Illustrated notes

Levels and vault maps discovered:
D:1:      scummos_arrival_checkerplants, layout_rooms, minmay_gold_behind_fungi,
          chequers_serial_rivers_micro_d
D:2:      layout_loops_ring, marbit_many_paths, xom_teletrap_fun,
          minmay_octomino_e4, uniq_natasha

Skill      XL: |  1  2  3  4 |
---------------+-------------+-----
Stealth        | 3 4 |  4.0
Summonings     | 2 |  2.0
Conjurations   | 2 |  2.0
Fighting       | |  0.2
Dodging        | |  2.1
Spellcasting   | |  3.5
Translocations | |  1.0
Air Magic      | |  0.4
Poison Magic   | |  0.8

Action                   |  1- 3 |  4- 6 || total
-------------------------+-------+-------++-------
Melee: Dagger            |    35 |       ||    35
       Constrict         |    11 |     5 ||    16
       Tentacles         |     6 |     4 ||    10
       Staff             |     2 |    10 ||    12
 Cast: Magic Dart        |    94 |    11 ||   105
       Slow              |       |     1 ||     1
  Use: Scroll            |     4 |       ||     4
Armor: Skin              |     5 |     1 ||     6
Dodge: Dodged            |    30 |    10 ||    40
Block: Other             |       |     4 ||     4
